 Dungeon Crawl Stone Soup version 0.25-a0-341-g6f074c887a (webtiles) character file.

Game seed: 11291208237487858397, levelgen mode: deterministic

273 Goblin1989 the Cutter (level 6, -7/35 HPs)
             Began as a Kobold Gladiator on Dec 31, 2019.
             Was a Follower of Sif Muna.
             Mangled by an iguana (10 damage)
             ... on level 4 of the Dungeon.
             The game lasted 00:07:19 (3955 turns).

Goblin1989 the Cutter (Kobold Gladiator)            Turns: 3955, Time: 00:07:19

Health: -7/35      AC:  4    Str: 12    XL:     6   Next: 48%
Magic:  6/6        EV: 16    Int:  9    God:    Sif Muna [*.....]
Gold:   93         SH:  0    Dex: 18    Spells: 5/5 levels left

rFire    + . .     SeeInvis .   a - +0 rapier
rCold    . . .     Gourm    .   (shield restricted)
rNeg     . . .     Faith    .   b - +0 leather armour
rPois    .         Spirit   .   c - +0 helmet
rElec    .         Reflect  .   (no cloak)
rCorr    .         Harm     .   (no gloves)
MR       .....                  (no boots)
Stlth    +++.......             (no amulet)
HPRegen  0.11/turn              f - ring of protection from fire
MPRegen  0.10/turn              (no ring)

@: no status effects
A: small, carnivore
a: Channel Magic, Renounce Religion


You were on level 4 of the Dungeon.
You worshipped Sif Muna.
Sif Muna was aware of your devotion.
You were very full.

You visited 1 branch of the dungeon, and saw 4 of its levels.

You collected 93 gold pieces.

Inventory:

Hand Weapons
 a - a +0 rapier (weapon)
 M - a +2 falchion of holy wrath
Missiles
 P - 12 poisoned darts
 Z - 4 throwing nets (quivered) {!d , @Q1}
Armour
 b - a +0 leather armour (worn)
 c - a +0 helmet (worn)
Jewellery
 f - a ring of protection from fire (left hand)
Wands
 L - a wand of polymorph (5)
Scrolls
 K - a scroll of blinking {unknown}
 O - a scroll of noise {unknown}
 R - 2 scrolls of identify {unknown}
 U - a scroll of teleportation {unknown}
 V - a scroll of enchant weapon {unknown}
 Y - 2 scrolls of remove curse {unknown}
Potions
 J - a potion of invisibility {unknown}
 N - 3 potions of curing {unknown}
 Q - 2 potions of heal wounds {unknown}
 S - a potion of agility {unknown}
 T - a potion of haste {@q3,}
 W - a potion of lignification {unknown}
 X - a potion of might {unknown}
Comestibles
 e - 5 rations


   Skills:
 + Level 2.1 Fighting
 * Level 7.3 Short Blades
 + Level 3.1 Throwing
 + Level 3.6 Dodging
 + Level 4.3 Stealth


You had 5 spell levels left.
You didn't know any spells.
Your spell library was empty.

Dungeon Overview and Level Annotations

Branches:
Dungeon (4/15)
 Temple: D:4-7

Altars:
Fedhas
Sif Muna
Uskayaw


Innate Abilities, Weirdness & Mutations

You are small and have problems with some larger weapons.
You are carnivorous and can eat meat at any time.


Message History

Your Throwing skill increases to level 3!
Your Stealth skill increases to level 4!
Unknown command.
Unknown command.
Unknown command.
You closely miss the orc. The orc misses you.
You hit the orc.
The orc is lightly wounded.
You barely miss the orc.
The orc is lightly wounded.
The orc barely misses you.
You hit the orc.
The orc is almost dead.
The orc closely misses you.
You closely miss the orc.
The orc is almost dead.
The orc barely misses you.
You hit the orc.
You kill the orc!
Sif Muna accepts your kill.
No target in view!
No target in view!
No target in view!
No target in view!
No target in view!
No target in view!
No target in view!
No target in view!
No target in view!
No target in view!
No target in view!
No target in view!
No target in view!
No target in view!
No target in view!
An iguana comes into view.
An iguana is nearby!
An iguana is nearby!
Items here: )) †† a +0 dagger; a +0 giant club; an orc corpse; an ogre corpse The iguana hisses angrily.
You hit the iguana.
The iguana is lightly wounded.
The iguana closely misses you.
You barely miss the iguana.
The iguana is lightly wounded.
The iguana barely misses you.
You puncture the iguana!
The iguana is heavily wounded.
The iguana bites you!
* * * LOW HITPOINT WARNING * * *
You are too injured to fight recklessly!
You take 12 damage, and have 14/35 hp.
MASSIVE DAMAGE!!
You are too injured to fight recklessly!
You are too injured to fight recklessly!
You are too injured to fight recklessly!
You are too injured to fight recklessly!
You are too injured to fight recklessly!
You are too injured to fight recklessly!
You are too injured to fight recklessly!
You are too injured to fight recklessly!
You are too injured to fight recklessly!
You are too injured to fight recklessly!
You are too injured to fight recklessly!
You are too injured to fight recklessly!
You are too injured to fight recklessly!
You are too injured to fight recklessly!
You are too injured to fight recklessly!
You are too injured to fight recklessly!
You are too injured to fight recklessly!
You are too injured to fight recklessly!
You are too injured to fight recklessly!
You are too injured to fight recklessly!
You are too injured to fight recklessly!
You are too injured to fight recklessly!
You are too injured to fight recklessly!
You hit the iguana.
The iguana is heavily wounded.
You hit the iguana but do no damage.
The iguana is heavily wounded.
The iguana bites you but does no damage.
You completely miss the iguana.
The iguana is heavily wounded.
The iguana bites you.
* * * LOW HITPOINT WARNING * * *
You take 6 damage, and have 8/35 hp.
You hit the iguana.
The iguana is severely wounded.
The iguana bites you.
* * * LOW HITPOINT WARNING * * *
You take 2 damage, and have 6/35 hp.
You hit the iguana.
The iguana is almost dead.
The iguana bites you.
* * * LOW HITPOINT WARNING * * *
You take 3 damage, and have 3/35 hp.
You hit the iguana but do no damage.
The iguana is almost dead.
The iguana bites you!
You die... ██ ████████████

. ............
██.█████████.██.█
██......<.....██.█
....███████████<..
█.█ █ ███.█. █l█.█
█..... █@█.███
█.████ █.....█ █.█
█.███.█ █.█ █.█ .█
█.█ █)███.█ █.█
█.....█ █.█
█.██.██ █.█ █.██.█
█.█
█.██.████████.████


You could see an iguana.

Vanquished Creatures
  An ogre (D:4)
  Terence (D:2)
  9 adders
  2 worms
  2 leopard geckos (D:2)
  7 orcs
  4 bats
  6 giant cockroaches
  6 hobgoblins
  4 jackals (D:2)
  5 kobolds
  2 quokkas (D:2)
  A ball python (D:1)
  3 frilled lizards
  8 goblins
  A leopard gecko skeleton (D:2)
  8 rats
70 creatures vanquished.

Notes
Turn   | Place    | Note
-------+----------+-------------------------------------------
     0 | D:1      | Goblin1989 the Kobold Gladiator began the quest for the
                  | Orb.
     0 | D:1      | Reached XP level 1. HP: 12/12 MP: 1/1
   269 | D:1      | Reached skill level 1 in Stealth
   269 | D:1      | Reached XP level 2. HP: 17/17 MP: 2/2
   903 | D:1      | Reached skill level 5 in Short Blades
   903 | D:1      | Reached XP level 3. HP: 21/21 MP: 3/3
  1069 | D:2      | Found a hide-covered altar of Uskayaw.
  1303 | D:2      | Found a shimmering blue altar of Sif Muna.
  1328 | D:2      | Became a worshipper of Sif Muna the Loreminder
  1404 | D:2      | Reached XP level 4. HP: 24/26 MP: 4/4
  1462 | D:2      | Found a faded altar of an unknown god.
  1652 | D:2      | Reached skill level 6 in Short Blades
  1668 | D:2      | Noticed Terence
  1994 | D:2      | Killed Terence
  1994 | D:2      | Reached XP level 5. HP: 23/30 MP: 5/5
  2342 | D:3      | Reached * piety under Sif Muna
  2484 | D:3      | Found a blossoming altar of Fedhas.
  3202 | D:4      | Noticed a phantom
  3545 | D:4      | Noticed a phantom
  3568 | D:4      | Reached XP level 6. HP: 13/35 MP: 6/6
  3918 | D:4      | Noticed an ogre
  3922 | D:4      | Killed an ogre
  3922 | D:4      | Reached skill level 7 in Short Blades
  3955 | D:4      | Mangled by an iguana

Levels and vault maps discovered:
D:1:      sevenhm_arrival_forest_fort_small_3, layout_basic, st_stairs_7
D:2:      cheibrodos_old_hovel, layout_loops_corners,
          nicolae_overflow_hidden_temple, lemuel_round_altar,
          chequers_ecumenical_altar_simple, uniq_terence
D:3:      layout_basic, first_ration, fedhas_altar_1
D:4:      layout_loops_ring, minmay_misc_feat_nine_boxes, led_xom_imps

Skill      XL: |  1  2  3  4  5  6 |
---------------+-------------------+-----
Stealth        | 1 2 3 4 |  4.3
Short Blades   | 5 6 7 |  7.3
Throwing       | 3 |  3.1
Fighting       | |  2.1
Dodging        | |  3.6

Action                   |  1- 3 |  4- 6 || total
-------------------------+-------+-------++-------
Melee: Rapier            |   106 |   148 ||   254
       Unarmed           |       |     2 ||     2
Throw: Dart              |       |    15 ||    15
       Throwing net      |       |     1 ||     1
 Stab: Sleeping          |     5 |    10 ||    15
       Held in net/web   |       |     1 ||     1
  Eat: Chunk             |    10 |     6 ||    16
Armor: Leather armour    |    16 |    30 ||    46
Dodge: Dodged            |    80 |    80 ||   160

Table legend:
 A = Non-vault XP
 B = Vault XP
 C = Vault XP percentage of total XP
 D = Non-vault monster count
 E = Vault monster count
 F = Vault count percentage of total count
                 A         B        C        D         E       F
            +---------+---------+-------+---------+---------+-------
      Total |     349 |      42 |  10.7 |      67 |       3 |   4.3
            +---------+---------+-------+---------+---------+-------
        D:1 |      30 |       2 |   6.2 |      20 |       1 |   4.8
        D:2 |     100 |      40 |  28.6 |      28 |       2 |   6.7
        D:3 |      39 |       0 |   0.0 |      12 |       0 |   0.0
        D:4 |     180 |       0 |   0.0 |       7 |       0 |   0.0
            +---------+---------+-------+---------+---------+-------

Levels and vault maps discovered:
D:1:      sevenhm_arrival_forest_fort_small_3, layout_basic, st_stairs_7
D:2:      cheibrodos_old_hovel, layout_loops_corners,
          nicolae_overflow_hidden_temple, lemuel_round_altar,
          chequers_ecumenical_altar_simple, uniq_terence
D:3:      layout_basic, first_ration, fedhas_altar_1
D:4:      layout_loops_ring, minmay_misc_feat_nine_boxes, led_xom_imps
